 Dungeon Crawl Stone Soup version 0.32-a0-132-g2d33c3cfaf (webtiles) character file.

Game seed: 5463094851470088994

1288149 EnegeticOcto the Hearthfire (level 26, 145/195 HPs)
             Began as a Demonspawn Cinder Acolyte on Feb 9, 2024.
             Was a Priest of Ignis.
             Escaped with the Orb
             ... and 3 runes!
             The game lasted 03:10:58 (130259 turns).

EnegeticOcto the Hearthfire (DsCA)                Turns: 130259, Time: 03:10:58

Health: 145/195    AC: 34    Str: 18    XL:     26   Next: 36%
Magic:  0/47       EV: 26    Int: 31    God:    Ignis [***...]
Gold:   4709       SH: 20    Dex: 29    Spells: 30/65 levels left

rFire   + + .        a - staff of the Jester {rF+ rCorr Dex+7 Fire Ice Earth}
rCold   + + .        l - +5 kite shield {rC+ rF+}
rNeg    . . .        M - +7 swamp dragon scales
rPois   +            P - +2 hat {Will+}
rElec   +            S - +3 cloak of Grace {Rampage Int+4}
rCorr   +            q - +2 pair of gloves {Dex+3}
SInv    +            (boots unavailable)
Will    +++..        W - amulet of magic regeneration
Stlth   ++           L - ring of Litemur {Ice rElec Will- Str+2 Int+4}
HPRegen 0.52/turn    j - ring of willpower
MPRegen 0.70/turn

%: rampage
@: fiery-armoured, studying 2 skills
A: hooves 3, thin skeletal structure 3, ignite blood 3, augmentation 2, demonic
magic 3, antennae 1, see invisible, agile 1, frail 1, strong-willed 1
0: Orb of Zot
}: 3/15 runes: decaying, serpentine, silver
a: Renounce Religion, Fiery Armour, Foxfire Swarm, Rising Flame


You escaped.
You worshipped Ignis.
Ignis was most pleased with you.
You visited 10 branches of the dungeon, and saw 50 of its levels.
You visited 1 bazaar.
You also visited: Trove and Gauntlet.

You collected 10623 gold pieces.
You spent 5914 gold pieces at shops.

Inventory:

Hand Weapons
 b - a +9 short sword of venom
   (You found it on level 1 of the Dungeon)
 N - the +0 spear of Cogaysemerr {speed, +Blink rCorr Stlth+}
   (You found it on level 2 of the Lair of Beasts)

   +Blink:    It lets you blink.
   rCorr:     It protects you from acid and corrosion.
   Stlth+:    It makes you more stealthy.
Missiles
 p - 2 throwing nets {!f}
 I - 6 curare-tipped darts
Armour
 l - a +5 kite shield of resistance (worn)
   (You took it off a naga warrior on level 4 of the Snake Pit)
 q - a +2 pair of gloves of dexterity (worn)
   (You found it in a Gauntlet)
 M - +7 swamp dragon scales (worn)
   (You found it on level 4 of the Swamp)
 P - a +2 hat of willpower (worn)
   (You took it off Gastronok on level 2 of the Lair of Beasts)
 S - the +3 cloak of Grace (worn) {Rampage Int+4}
   (You found it on level 4 of the Lair of Beasts)

   Int+4:     It affects your intelligence (+4).
   Rampage:   It bestows one free step when moving towards enemies.
 T - the +12 plate armour of Insecurity {rElec rPois Str+4}
   (You found it on level 3 of the Depths)

   Str+4:     It affects your strength (+4).
   rElec:     It insulates you from electricity.
   rPois:     It protects you from poison
Magical Staves
 a - the staff of the Jester (weapon) {rF+ rCorr Dex+7 Fire Ice Earth}
   (You acquired it on level 2 of the Orcish Mines)

   [staff of fire]

   Base accuracy: +5 Base damage: 5 Base attack delay: 1.2 This weapon's minimum
   attack delay (0.6) is reached at skill level 12.
   Dex+7:     It affects your dexterity (+7).
   rF+:       It protects you from fire.
   rCorr:     It protects you from acid and corrosion.
   Fire:      It increases the power of your Fire spells.
   Ice:       It increases the power of your Ice spells.
   Earth:     It increases the power of your Earth spells.
   It falls into the 'Staves' category.
   It is a one-handed weapon.
Jewellery
 j - a ring of willpower (right hand)
   (You found it on level 2 of the Snake Pit)
 G - a ring of resist corrosion
   (You found it on level 15 of the Dungeon)
 L - the ring of Litemur (left hand) {Ice rElec Will- Str+2 Int+4}
   (You found it on level 1 of the Swamp)

   [ring of ice]

   Ice:       It enhances your ice magic.
   Str+2:     It affects your strength (+2).
   Int+4:     It affects your intelligence (+4).
   rF-:       It makes you vulnerable to fire.
   rC+:       It protects you from cold.
   rElec:     It insulates you from electricity.
   Will-:     It decreases your willpower.
 W - an amulet of magic regeneration (around neck)
   (You bought it in a shop on level 4 of the Snake Pit)
 X - a +5 ring of evasion
   (You took it off a salamander on level 3 of the Snake Pit)
 Y - a ring of wizardry
   (You found it on level 1 of the Lair of Beasts)
Wands
 c - a wand of quicksilver (44) {@v1}
   (You found it on level 2 of the Swamp)
 m - a wand of roots (24) {@v2}
   (You found it on level 2 of the Lair of Beasts)
 x - a wand of polymorph (8)
   (You found it on level 1 of the Swamp)
 z - a wand of mindburst (14)
   (You found it on level 2 of the Swamp)
 H - a wand of paralysis (39)
   (You found it on level 15 of the Dungeon)
 O - a wand of digging (9) {@v3}
   (You found it on level 2 of the Lair of Beasts)
Scrolls
 d - 5 scrolls of poison {!r}
 h - 7 scrolls of revelation {@r5 !r}
 n - 6 scrolls of silence {!r}
 o - 6 scrolls of immolation
 w - 4 scrolls of vulnerability
 y - 8 scrolls of blinking {@r4}
 A - 3 scrolls of fear {!r}
 B - 17 scrolls of teleportation {@r3 !r}
 D - 3 scrolls of torment
 Q - 7 scrolls of fog {!r}
 Z - a scroll of summoning {!r}
Potions
 e - 3 potions of magic
 g - 6 potions of might {@q3 !q}
 i - 28 potions of curing {@q1 !q}
 k - 3 potions of haste {@q4 !q}
 r - 3 potions of cancellation
 s - 13 potions of brilliance
 u - 3 potions of berserk rage
 v - 10 potions of enlightenment
 C - 9 potions of mutation
 E - 10 potions of attraction
 F - 5 potions of lignification {@q6}
 J - 4 potions of invisibility
 K - 7 potions of resistance
 R - 13 potions of heal wounds {@q2 !q}
 V - 4 potions of ambrosia
Miscellaneous
 f - a sack of spiders
   (You found it on level 5 of the Vaults)
 t - a condenser vane
   (You found it on level 2 of the Swamp)
 U - a lightning rod (4/4)
   (You bought it in a shop on level 11 of the Dungeon)


   Skills:
 + Level 19.8 Fighting
 - Level 10.0 Short Blades
 - Level 3.2 Maces & Flails
 - Level 10.0 Armour
 + Level 16.1 Dodging
 - Level 3.0 Stealth
 - Level 12.0 Shields
 - Level 20.0 Spellcasting
 - Level 10.0 Conjurations
 - Level 11.0 Fire Magic
 - Level 20.0 Air Magic
 - Level 9.0 Alchemy
 - Level 20.1 Invocations


You had 30 spell levels left.
You knew the following spells:

 Your Spells              Type           Power      Damage    Failure   Level
a - Airstrike             Air            60%        2d(9-25)  0%          4
b - Maxwell's Capacitive  Air            60%        ∞         6%          8
c - Arcjolt               Conj/Air       54%        1d64      1%          5
d - Fulminant Prism       Conj/Alch      45%        3d21      1%          4
e - Plasma Beam           Fire/Air       66%        2x1d83    1%          6
p - Passwall              Erth           60%        N/A       10%         3
z - Irradiate             Conj/Alch      45%        3d26      1%          5

Your spell library contained the following spells:

 Spells                   Type           Power      Damage    Failure   Level
 Shock                    Conj/Air       100%       1d9       0%          1
 Mercury Vapours          Alch/Air       100%       N/A       0%          2
 Static Discharge         Conj/Air       100%       3-8/arc   0%          2
 Swiftness                Air            100%       N/A       0%          3
 Foxfire                  Conj/Fire      100%       2x1d9     1%          1
 Kiss of Death            Conj/Necr      100%       2d13      1%          1
 Magic Dart               Conj           100%       1d8       1%          1
 Sting                    Conj/Alch      100%       1d9       1%          1
 Cigotuvi's Dreadful Rot  Necr/Alch/Air  100%       N/A       1%          2
 Scorch                   Fire           100%       2d9       1%          2
 Dazzling Flash           Conj/Hex       100%       N/A       1%          3
 Hailstorm                Conj/Ice       100%       3d16      1%          3
 Inner Flame              Hex/Fire       95%        N/A       1%          3
 Mephitic Cloud           Conj/Alch/Air  100%       N/A       1%          3
 Stone Arrow              Conj/Erth      100%       3d13      1%          3
 Volatile Blastmotes      Fire/Tloc      100%       2d18      1%          3
 Flame Wave               Conj/Fire      100%       2d21      1%          4
 Ignite Poison            Fire/Alch      100%       N/A       1%          4
 Olgreb's Toxic Radiance  Alch           88%        N/A       1%          4
 Sticky Flame             Fire/Alch      100%       2d15      1%          4
 Summon Lightning Spire   Summ/Air       92%        N/A       1%          4
 Vhi's Electric Charge    Tloc/Air       100%       N/A       1%          4
 Freezing Cloud           Conj/Ice/Air   69%        6-21      1%          5
 Conjure Ball Lightning   Conj/Air       54%        3x3d20    1%          6
 Alistair's Intoxication  Alch           58%        N/A       2%          5
 Necrotise                Necr           100%       1d9       3%          1
 Slow                     Hex            100%       N/A       3%          1
 Summon Small Mammal      Summ           100%       N/A       3%          1
 Summon Blazeheart Golem  Fire/Summ      95%        N/A       3%          4
 Blink                    Tloc           86%        N/A       4%          2
 Call Imp                 Summ           86%        N/A       4%          2
 Ensorcelled Hibernation  Hex/Ice        100%       N/A       4%          2
 Jinxbite                 Hex            86%        N/A       4%          2
 Sublimation of Blood     Necr           43%        N/A       4%          2
 Brom's Barrelling Bould  Conj/Erth      92%        2d10      4%          4
 Iskenderun's Mystic Bla  Conj/Tloc      72%        2d15      4%          4
 Starburst                Conj/Fire      58%        6d15      7%          6
 Call Canine Familiar     Summ           43%        N/A       10%         3
 Confusing Touch          Hex            43%        N/A       10%         3
 Fugue of the Fallen      Necr           43%        N/A       10%         3
 Ozocubu's Armour         Ice            78%        N/A       10%         3
 Sigil of Binding         Hex            43%        N/A       10%         3
 Summon Ice Beast         Ice/Summ       78%        N/A       10%         3
 Vampiric Draining        Necr           43%        2d9       10%         3
 Eringya's Noxious Bog    Alch           44%        4d6       13%         6
 Yara's Violent Unravell  Hex/Alch       35%        3d14      14%         5
 Anguish                  Hex/Necr       21%        N/A       32%         4
 Animate Armour           Summ/Erth      100%       N/A       32%         4
 Dimensional Bullseye     Hex/Tloc       21%        N/A       32%         4
 Manifold Assault         Tloc           43%        N/A       32%         4
 Martyr's Knell           Necr/Summ      43%        N/A       32%         4
 Orb of Destruction       Conj           46%        9d12      43%         7
 Bombard                  Conj/Erth      46%        9d8       54%         6
 Sculpt Simulacrum        Ice/Alch       55%        N/A       63%         6
 Borgnjor's Vile Clutch   Necr/Erth      30%        N/A       67%         5
 Curse of Agony           Necr           43%        N/A       67%         5
 Lee's Rapid Deconstruct  Erth           30%        3d16*     67%         5
 Metabolic Englaciation   Hex/Ice        39%        N/A       67%         5
 Summon Forest            Summ/Tloc      21%        N/A       67%         5
 Summon Mana Viper        Hex/Summ       43%        N/A       67%         5
 Ignition                 Fire           59%        3d16      94%         8
 Spellforged Servitor     Conj/Summ      36%        N/A       98%         7
 Summon Cactus Giant      Summ           21%        N/A       99%         6
 Enfeeble                 Hex            21%        N/A       100%        7
 Monstrous Menagerie      Summ           21%        N/A       100%        7
 Summon Hydra             Summ           21%        N/A       100%        7
 Discord                  Hex            21%        N/A       100%        8
 Disjunction              Tloc           21%        N/A       100%        8
 Lehudib's Crystal Spear  Conj/Erth      46%        10d11     100%        8


Dungeon Overview and Level Annotations

Branches:
Dungeon (15/15)            Temple (0/1) D:7            Lair (5/5) D:9
  Swamp (4/4) Lair:3        Snake (4/4) Lair:3        Slime (0/5) Lair:5
    Orc (2/2) D:10            Elf (3/3) Orc:2        Vaults (5/5) D:14
  Crypt (3/3) Vaults:2       Tomb (0/3) Crypt:3      Depths (4/4) D:15
    Zot (5/5) Depths:4    Gauntlet (visited)

Altars:
Ashenzari
Dithmenos
Gozag
Hepliaklqana
Kikubaaqudgha
Makhleb
Nemelex Xobeh
Okawaru
Qazlal
Ru
Trog
Vehumet
Wu Jian
Xom
Yredelemnul

Shops:
D:3 *   D:7 [   D:11 *   Orc:2 ?=?[   Elf:2 *!   Elf:3 [!([   Snake:2 *
Snake:3 [   Snake:4 *(=*   Vaults:5 ([   Zot:2 *   Depths:2 (   Depths:3 !
Depths:4 =:=

Portals:
Hell: Depths:1 Depths:2 Depths:3 Depths:4
Abyss: Depths:2 Depths:3
Pandemonium: Orc:2 Depths:2 Depths:4
Ziggurat: Depths:4

Annotations:
D:14 2 transporters, Kous's ghost, journeyman DsMo
Elf:2 3 runed translucent doors, exclusion: orange crystal statue
Depths:1 6 runed translucent doors, exclusion: door
Zot:1 1 exclusion
Zot:4 3 runed translucent doors, exclusion: 3 doors, Adaxemni's ghost, legendary GrFi


Innate Abilities, Weirdness & Mutations

You have hooves in place of feet.
You have an unnaturally thin skeletal structure. (Dex +6, Stealth+++)
Your demonic aura causes all spilled blood to erupt in flames.
Your magical and physical power is enhanced at high health.
Spells you cast and wands you use may paralyse nearby enemies.
You have a pair of small antennae on your head.
You have supernaturally acute eyesight. (SInv)
You are agile. (Dex +4, Str/Int -1)
You are frail. (-10% HP)
You are strong-willed. (Will+)


Message History

Your extra speed is starting to run out.
Magic restored.
You feel yourself slow down.
There is a stone staircase leading up here.
You climb upwards.
There is a stone staircase leading down here.
There is a stone staircase leading up here.
You climb upwards.
There is a stone staircase leading down here.
There is a stone staircase leading up here.
You climb upwards.
There is a stone staircase leading down here.
A Hell Sentinel comes into view.
The Hell Sentinel roars!
Unknown command.
Casting: Plasma Beam (mildly dangerous; 1% risk of failure)
Confirm with . or Enter, or press ? or * to list all spells.
You begin accumulating electric charge. (Press . to continue charging.) Malevolent energies surge around you.
You feel charge building up...
You feel charge building up...
You feel charge building up...
The electricity discharges through the Hell Sentinel!!!!!
The Hell Sentinel vaporises in an electric haze!
You kill the Hell Sentinel!
Okay, then.
Activating: Foxfire Swarm
Press: ? - help, Dir - look around, f - activate Flames leap up around you!
Activating: Foxfire Swarm
Press: ? - help, Dir - look around, f - activate There's no space to create foxfire here.
Your foxfire dissipates!
Activating: Foxfire Swarm
Press: ? - help, Dir - look around, f - activate Flames leap up around you!
Your foxfire dissipates! x9
Your foxfire dissipates! x12
Your foxfire dissipates! x12
Activating: Foxfire Swarm
Press: ? - help, Dir - look around, f - activate Flames leap up around you!
Your foxfire dissipates! x3
A protective cloak of flame settles atop you.
Your foxfire dissipates! x11
Your foxfire dissipates! x11
A lorocyproca comes into view.
The lorocyproca gives a chilling moan.
You see here a bat skeleton.
Casting: Plasma Beam (mildly dangerous; 1% risk of failure)
Press: ? - help, Q - select action, (/) - cycle Dir - look around, f - activate You feel a surge of power!
The bolt of lightning misses the lorocyproca.
The fiery plasma misses the lorocyproca.
Malevolent energies surge around you.
Casting: Plasma Beam (mildly dangerous; 1% risk of failure)
Press: ? - help, Q - select action, (/) - cycle Dir - look around, f - activate You feel a surge of power!
The bolt of lightning hits the lorocyproca!
The lorocyproca resists.
The lorocyproca is lightly wounded.
The fiery plasma hits the lorocyproca!!
The lorocyproca resists.
The lorocyproca is heavily wounded.
Malevolent energies surge around you. The lorocyproca hits you!
You feel your power leaking away.
The lorocyproca resists.
The lorocyproca is burned by your cloak of flames.
The lorocyproca is heavily wounded.
There is an open gate, spattered with blood here.
Things that are here:
a +0 whip; a hobgoblin skeleton; a kobold skeleton
Casting: Plasma Beam (mildly dangerous; 1% risk of failure)
Press: ? - help, Q - select action, (/) - cycle Dir - look around, f - activate You feel a surge of power!
The bolt of lightning misses the lorocyproca.
The fiery plasma hits the lorocyproca!
The lorocyproca resists.
The lorocyproca is heavily wounded.
Malevolent energies surge around you. You block the lorocyproca's attack.
The lorocyproca attacks as it pursues you!
The lorocyproca hits you!
You feel your power leaking away.
The lorocyproca completely resists.
Casting: Plasma Beam (mildly dangerous; 1% risk of failure)
Press: ? - help, Q - select action, (/) - cycle Dir - look around, f - activate You feel a surge of power!
The bolt of lightning misses the lorocyproca.
The fiery plasma hits the lorocyproca!
The lorocyproca resists.
The lorocyproca is severely wounded.
Malevolent energies surge around you. The lorocyproca hits you!
You feel your power leaking away.
The lorocyproca resists.
The lorocyproca is burned by your cloak of flames.
The lorocyproca is severely wounded.
There is a staircase leading out of the dungeon here.
The lorocyproca hits you!!
You feel your power leaking away.
You have escaped!

#######.####........)............
.........###........###..........
..>........#........##...........
.........#.#######...#.#.........
.........#..#...##.#...#.........
.........##.......○..####........
.........###.##'')##....)......#.
.........# #.#..☼2.#..)##########
.........###.#..@§.#...###
...÷.....#...#.....#.....#####
.........÷.#)#.....#(........#
####.#.#####.##+++##.........#
####.#.# #.................# ##
.......# ####..............# #.
######## ################ #. # #.
# #.


You could see a lorocyproca (invisible).

Vanquished Creatures
  3 dread liches (Zot:5)
  The ghost of Lioda the Conqueror, a legendary MiBe of Trog (Zot:5)
  4 ancient liches
  6 orbs of fire
  Sojobo (Depths:1)
  2 juggernauts
  3 Killer Klowns
  the Lernaean hydra (Swamp:4)
  Margery (Vaults:3)
  2 curse toes
  10 golden dragons
  Norris (Vaults:1)
  the Enchantress (Depths:3)
  3 profane servitors
  A bone dragon (Crypt:3)
  Mlioglotl (Snake:2)
  11 tentacled monstrosities
  Jorgrun (D:15)
  4 electric golems
  A Hell Sentinel (D:1)
  3 liches
  24 Orb Guardians
  A deep elf blademaster (Elf:3)
  3 titans (Vaults:5)
  Asterion (Vaults:1)
  4 quicksilver dragons
  2 deep elf master archers (Elf:3)
  5 sphinxes
  A searing wretch (Vaults:3)
  3 ancient champions (Crypt:2)
  An Executioner (D:14)
  Gastronok (Lair:2)
  7 death cobs
  Frances (D:13)
  4 tengu reavers
  A thorn hunter (Swamp:3)
  9 shadow dragons
  Kirke (D:13)
  18 storm dragons
  3 revenants
  Donald (Vaults:1)
  6 nagarajas
  2 fenstrider witches
  Roxanne (D:15)
  8 draconian monks
  8 fire giants
  7 draconian shifters
  21 vault wardens
  A daeva (D:7)
  8 protean progenitors
  6 frost giants
  9 deep elf sorcerers
  4 draconian knights
  A juggernaut zombie (Crypt:3)
  2 ghost moths
  A curse skull (Crypt:1)
  4 orc warlords
  3 deep elf elementalists
  A cacodemon (D:6)
  3 draconian scorchers
  A draconian stormcaller (Zot:5)
  A reaper (Crypt:2)
  6 spriggan defenders
  6 ironbound thunderhulks
  11 ironbound preservers
  2 caustic shrike skeletons (Depths:3)
  13 ghouls
  4 draconian annihilators
  7 green draconians
  A juggernaut skeleton (Crypt:1)
  9 stone giants
  38 very ugly things
  2 eleionomae
  7 vampire knights
  6 deep elf demonologists
  A lorocyproca (Depths:2)
  A minotaur (Gauntlet)
  9 deep elf death magi
  8 dire elephants
  Azrael (Snake:2)
  A war gargoyle (Vaults:5)
  9 white draconians
  10 deep elf annihilators
  8 black draconians
  7 bunyips
  8 red draconians
  6 yellow draconians
  9 eidola
  A spark wasp (Depths:1)
  9 purple draconians
  A crystal guardian (Vaults:2)
  A blizzard demon (Depths:2)
  11 ettins
  A mummy priest (Crypt:3)
  13 fire dragons
  A quicksilver dragon zombie (Crypt:3)
  3 jiangshi (Crypt:2)
  An entropy weaver (shapeshifter) (D:14)
  8 great orbs of eyes
  5 deep elf high priests
  3 entropy weavers
  A quicksilver dragon skeleton (Depths:3)
  3 salamander tyrants
  A shambling mangrove (Swamp:2)
  A fenstrider witch zombie (Crypt:1)
  Erolcha (Orc:1)
  3 spriggan zombies (Crypt:3)
  32 vault guards
  5 ice dragons
  17 yaktaur captains
  3 rakshasas
  5 spriggan air magi
  18 hydras
  A ghost crab (Swamp:4)
  A peacekeeper (Vaults:2)
  11 alligators
  5 ironbound frosthearts
  A servant of whispers (Vaults:4)
  A demonspawn (Orc:2)
  3 catoblepae (Lair:5)
  2 ogre magi (Vaults:5)
  3 boulder beetles
  3 centaur warriors
  The ghost of temitten the Unseen, a journeyman SpEn of Dithmenos (D:13)
  7 anacondas
  A fenstrider witch skeleton (Crypt:1)
  3 two-headed ogres
  A boulder beetle (shapeshifter) (Vaults:5)
  9 dancing weapons
  8 death knights
  10 death yaks (Lair:5)
  17 deep troll earth magi
  21 naga warriors
  4 tengu warriors
  A bennu skeleton (Crypt:1)
  A titan zombie (Crypt:3)
  7 deep troll shamans
  18 naga sharpshooters
  2 sphinx skeletons (Depths:3)
  5 orc high priests (Orc:2)
  6 shock serpents
  6 spriggan berserkers
  Urug (D:13)
  3 occultists
  4 vampire magi
  2 hell knights
  7 deep elf knights
  Amaemon (Lair:3)
  3 skysharks (Vaults:1)
  6 titan skeletons
  A skyshark (shapeshifter) (Vaults:5)
  3 sixfirhies
  6 salamander mystics
  34 skeletal warriors
  2 bunyip zombies
  2 goliath frogs
  5 arcanists
  14 iron trolls
  8 mana vipers
  3 spriggan druids
  A death drake (Swamp:3)
  An anaconda zombie (Crypt:3)
  6 naga ritualists
  A glowing orange brain (shapeshifter) (Vaults:5)
  2 shadow demons
  11 deep elf archers
  7 glowing orange brains
  15 lindwurms
  7 flayed ghosts
  9 swamp dragons
  A storm dragon skeleton (Depths:3)
  54 deep trolls
  A bog body (Crypt:1)
  A golden dragon skeleton (Depths:3)
  10 necromancers
  17 ironbound convokers
  3 harpies (Vaults:1)
  24 phantasmal warriors
  30 deep elf pyromancers
  18 deep elf zephyrmancers
  3 will-o-the-wisps
  9 orc knights
  2 manticores (Lair:5)
  An iron dragon zombie (Crypt:3)
  9 orc sorcerers
  3 cyclopes
  17 salamanders
  2 shadow dragon skeletons (Depths:3)
  3 fauns (Zot:1)
  52 ugly things
  3 tengu skeletons (Depths:3)
  2 wolf spiders (Zot:2)
  A water nymph (shapeshifter) (Vaults:5)
  3 iron dragon skeletons (Depths:3)
  19 moths of wrath
  5 kobold blastminers (Orc:2)
  A dire elephant zombie (Crypt:3)
  4 guardian serpents
  2 stone giant zombies
  35 black mambas
  12 elephants (Lair:5)
  A naga zombie (Crypt:3)
  3 frost giant skeletons
  3 human skeletons (Vaults:2)
  12 vault sentinels
  3 orange demons
  16 naga magi
  An alligator snapping turtle zombie (Crypt:1)
  2 smoke demons
  A torpor snail (Lair:5)
  2 large abominations
  A gargoyle (D:11)
  A kobold demonologist (Elf:1)
  10 cane toads
  2 human zombies (Vaults:2)
  An unseen horror (D:10)
  32 yaktaurs
  2 rime drakes
  3 centaur skeletons
  An orb spider zombie (Crypt:1)
  12 freezing wraiths
  A guardian mummy (Crypt:3)
  3 tengu conjurers
  8 komodo dragons
  A minotaur skeleton (Crypt:1)
  A queen bee (Gauntlet)
  2 yaktaur skeletons (Vaults:2)
  2 harpy zombies
  A hydra zombie (Crypt:3)
  6 trolls
  2 bloated husks
  A tengu simulacrum (Vaults:2)
  22 hornets
  4 tyrant leeches
  3 saltlings (Vaults:4)
  2 polar bears
  A wind drake (shapeshifter) (Depths:2)
  A glass eye (Depths:3)
  6 blink frogs
  20 dream sheep
  A stone giant simulacrum (Depths:1)
  53 slime creatures
  A spriggan skeleton (Depths:1)
  2 culicivoras
  A water elemental (Elf:1)
  An ettin skeleton (Vaults:2)
  An ettin zombie (Crypt:3)
  4 shadows
  4 wyverns
  5 basilisks
  A vampire (D:11)
  11 wraiths
  An ushabti (Crypt:3)
  3 wargs
  18 spriggans
  A human (shapeshifter) (D:14)
  A black mamba skeleton (Crypt:1)
  80 yaks
  2 golden eyes (D:6)
  3 fire elementals
  3 redbacks
  2 steam dragons
  2 hogs (D:13)
  16 vampire mosquitoes
  42 nagas
  14 swamp worms
  3 acid dragons (D:11)
  16 water moccasins
  A cane toad zombie (Crypt:2)
  2 glowing shapeshifter skeletons (Depths:3)
  2 hell hounds
  7 ice beasts (D:9)
  A hornet zombie (D:15)
  8 swamp drakes
  36 orc warriors
  An ettin simulacrum (Vaults:2)
  2 black bears
  22 laughing skulls
  8 ogres
  10 wolves
  2 boggarts
  7 centaurs
  A blink frog skeleton (Crypt:2)
  5 phantoms
  5 kobold brigands
  9 bullfrogs
  An earth elemental (Elf:2)
  16 necrophages
  A gnoll sergeant (D:8)
  3 scorpions
  3 wyvern skeletons (Crypt:3)
  An elf skeleton (Crypt:1)
  A water moccasin zombie (D:6)
  A small abomination (Gauntlet)
  4 wights (D:9)
  2 water moccasin skeletons
  7 killer bees
  3 howler monkeys
  2 electric eels (Lair:2)
  A bombardier beetle (D:4)
  A crimson imp (D:10)
  3 jellies
  3 centaur zombies (D:6)
  5 hounds
  30 orc priests
  Terence (D:2)
  2 sleepcaps
  5 iguanas
  19 orc wizards
  2 killer bee zombies (D:6)
  A mummy (Crypt:3)
  A howler monkey zombie (D:6)
  7 gnolls
  13 adders
  A swamp drake zombie (Crypt:2)
  A shadow imp (D:4)
  A white imp (D:7)
  2 ufetubi (D:6)
  A ribbon worm (D:2)
  A ribbon worm (shapeshifter) (D:15)
  2 dart slugs (D:1)
  85 orcs
  3 endoplasms
  5 giant cockroaches
  5 goblins
  12 hobgoblins
  7 jackals
  29 kobolds
  3 quokkas
  4 ball pythons
  7 bats
  4 frilled lizards (D:1)
  6 rats
  2 aspiring fleshes (Zot:3)
  A butterfly (Lair:2)
2197 creatures vanquished.

Vanquished Creatures (others)
  A death cob (Zot:2)
  A fire dragon (Depths:1)
  A deep elf knight (Elf:2)
  A bloated husk (Swamp:3)
  A slime creature (D:14)
  2 humans (D:13)
  A howler monkey (D:13)
  An orc (D:10)
  69 foxfires
  30 fulminant prisms
108 creatures vanquished.

Grand Total: 2305 creatures vanquished

Notes
Turn   | Place    | Note
-------+----------+-------------------------------------------
     0 | D:1      | EnegeticOcto the Demonspawn Cinder Acolyte began the quest
                  | for the Orb.
     0 | D:1      | Reached XP level 1. HP: 18/18 MP: 2/2
    88 | D:1      | Reached skill level 3 in Maces & Flails
   114 | D:1      | Gained mutation: Spells you cast may paralyse adjacent
                  | enemies. [demonic ancestry]
   114 | D:1      | Reached XP level 2. HP: 13/24 MP: 3/3
   166 | D:1      | Learned a level 2 spell: Scorch
   428 | D:1      | Reached skill level 3 in Fire Magic
   596 | D:1      | Gained mutation: You have large cloven feet. [demonic
                  | ancestry]
   596 | D:1      | Reached XP level 3. HP: 8/29 MP: 1/5
  1156 | D:2      | Found a shimmering altar of Xom.
  1325 | D:2      | Reached skill level 2 in Spellcasting
  1390 | D:2      | Noticed Terence
  1394 | D:2      | Killed Terence
  1395 | D:2      | Reached XP level 4. HP: 35/35 MP: 0/7
  1765 | D:2      | Reached skill level 4 in Fire Magic
  2420 | D:3      | Found Ratam's General Store.
  2444 | D:3      | Reached XP level 5. HP: 40/41 MP: 3/8
  2544 | D:3      | Bought a potion of curing for 36 gold pieces
  2544 | D:3      | Bought a scroll of revelation for 90 gold pieces
  2605 | D:3      | Reached skill level 5 in Fire Magic
  2774 | D:3      | Found a faded altar of an unknown god.
  3453 | D:4      | Reached skill level 1 in Short Blades
  3453 | D:4      | Reached skill level 1 in Stealth
  3488 | D:4      | Identified the +7 hand axe of Duowkenk {drain, ^Fragile rC+
                  | Will+ Int+3}
  3490 | D:4      | Reached XP level 6. HP: 47/47 MP: 4/9
  3830 | D:4      | Reached skill level 2 in Stealth
  3838 | D:4      | Reached skill level 3 in Spellcasting
  3870 | D:4      | Reached skill level 2 in Short Blades
  3870 | D:4      | Reached skill level 3 in Stealth
  3887 | D:4      | Gained mutation: You have a somewhat thin skeletal
                  | structure. (Dex +2, Stealth+) [demonic ancestry]
  3887 | D:4      | Reached XP level 7. HP: 50/52 MP: 1/11
  4506 | D:5      | Entered Level 5 of the Dungeon
  4708 | D:5      | Reached skill level 3 in Short Blades
  4715 | D:5      | Reached skill level 4 in Spellcasting
  4812 | D:5      | Found an opulent altar of Gozag.
  4863 | D:5      | Reached skill level 4 in Short Blades
  4934 | D:5      | Reached skill level 4 in Fighting
  5005 | D:5      | Gained mutation: You have a moderately thin skeletal
                  | structure. (Dex +4, Stealth++) [demonic ancestry]
  5005 | D:5      | Reached XP level 8. HP: 58/61 MP: 6/14
  5323 | D:5      | Identified the +0 dagger "Puuhy" {flame, rCorr Str-4 SInv}
  5833 | D:6      | Reached skill level 5 in Fighting
  5959 | D:6      | Reached skill level 6 in Fighting
  5960 | D:6      | Reached skill level 1 in Dodging
  6434 | D:6      | Reached skill level 2 in Dodging
  6600 | D:6      | Found a basalt altar of Yredelemnul.
  7227 | D:6      | Found a sacrificial altar of Ru.
  7475 | D:6      | Reached skill level 7 in Fighting
  7475 | D:6      | Reached skill level 3 in Dodging
  7936 | D:7      | Reached XP level 9. HP: 53/72 MP: 12/15
  7943 | D:6      | Learned a level 4 spell: Sticky Flame
  8143 | D:7      | Reached skill level 1 in Alchemy
  8159 | D:6      | Reached skill level 4 in Dodging
  8159 | D:6      | Reached skill level 2 in Alchemy
  8314 | D:7      | Found a staircase to the Ecumenical Temple.
  8425 | D:7      | Found a sparkling altar of Nemelex Xobeh.
  8445 | D:7      | Paralysed by a hornet for 2 turns
  8450 | D:7      | Reached skill level 8 in Fighting
  8450 | D:7      | Reached skill level 3 in Alchemy
  8668 | D:7      | Found a stormy altar of Qazlal.
  8876 | D:7      | Found Isemurph's Antique Armour Emporium.
  8950 | D:7      | Reached skill level 4 in Alchemy
  9015 | D:7      | Reached skill level 5 in Alchemy
  9312 | D:7      | Reached skill level 6 in Alchemy
  9345 | D:7      | Learned a level 3 spell: Passwall
  9424 | D:8      | Found an iron altar of Okawaru.
  9807 | D:8      | Reached skill level 7 in Alchemy
 10234 | D:9      | Gained mutation: You have an unnaturally thin skeletal
                  | structure. (Dex +6, Stealth+++) [demonic ancestry]
 10234 | D:9      | Reached XP level 10. HP: 73/80 MP: 12/16
 10518 | D:9      | Reached skill level 8 in Alchemy
 11285 | D:9      | Found a staircase to the Lair.
 11389 | D:9      | Found a broken altar of Ashenzari.
 11408 | D:9      | Noticed a two-headed ogre
 11593 | D:9      | Killed a two-headed ogre
 11871 | D:9      | Reached skill level 5 in Dodging
 11871 | D:9      | Reached skill level 5 in Spellcasting
 12542 | D:10     | Entered Level 10 of the Dungeon
 12572 | D:10     | Reached skill level 6 in Fire Magic
 12572 | D:10     | Reached skill level 9 in Alchemy
 12875 | D:10     | Found a hazy altar of Hepliaklqana.
 12879 | D:10     | Found a shadowy altar of Dithmenos.
 13049 | D:10     | Learned a level 4 spell: Flame Wave
 13091 | D:10     | Found a shimmering altar of Xom.
 13091 | D:10     | Found a burning altar of Makhleb.
 13570 | D:10     | Reached skill level 1 in Conjurations
 13570 | D:10     | Reached XP level 11. HP: 86/86 MP: 7/19
 13859 | D:10     | Found a staircase to the Orcish Mines.
 14489 | D:7      | Bought a fading orb for 420 gold pieces
 14489 | D:7      | Identified the orb of the Longan {*Rage, *Slow rF+++ Slay-4
                  | SInv} (You bought it in a shop on level 7 of the Dungeon)
 14560 | Lair:1   | Entered Level 1 of the Lair of Beasts
 14697 | Lair:1   | Reached skill level 2 in Conjurations
 14893 | Lair:1   | Reached skill level 6 in Dodging
 14893 | Lair:1   | Reached skill level 6 in Spellcasting
 15882 | Lair:1   | Reached skill level 3 in Conjurations
 15888 | Lair:1   | Reached skill level 7 in Fire Magic
 16525 | Lair:1   | Gained mutation: You have hidden genetic potential. [potion
                  | of mutation]
 16525 | Lair:1   | Gained mutation: You have a pair of small antennae on your
                  | head. [potion of mutation]
 17080 | Lair:2   | Reached skill level 4 in Conjurations
 17098 | Lair:1   | Reached skill level 7 in Dodging
 17098 | Lair:1   | Reached skill level 7 in Spellcasting
 17867 | Lair:2   | Reached skill level 5 in Conjurations
 18710 | Lair:2   | Gained mutation: Spells you cast may paralyse nearby
                  | enemies. [demonic ancestry]
 18710 | Lair:2   | Reached XP level 12. HP: 92/92 MP: 18/23
 18980 | Lair:2   | Identified the +0 spear of Cogaysemerr {speed, +Blink rCorr
                  | Stlth+}
 19006 | Lair:2   | Noticed Gastronok
 19031 | Lair:2   | Killed Gastronok
 19032 | Lair:2   | Reached skill level 8 in Dodging
 19032 | Lair:2   | Reached skill level 8 in Spellcasting
 19032 | Lair:2   | Reached skill level 6 in Conjurations
 19626 | Lair:3   | Found a staircase to the Snake Pit.
 19745 | Lair:3   | Reached skill level 7 in Conjurations
 20129 | Lair:3   | Gained mutation: You have great hidden genetic potential.
                  | [hidden potential]
 20176 | Lair:3   | Reached skill level 8 in Conjurations
 20535 | Lair:3   | Noticed Amaemon
 20596 | Lair:3   | Reached skill level 9 in Conjurations
 20783 | Lair:3   | Found a staircase to the Swamp.
 21312 | Lair:4   | Reached skill level 10 in Conjurations
 22046 | Lair:4   | Reached skill level 5 in Short Blades
 22474 | Lair:4   | Reached XP level 13. HP: 96/98 MP: 14/25
 22659 | Lair:4   | Reached skill level 9 in Spellcasting
 22841 | Lair:4   | Identified the +3 cloak of Grace {Rampage Int+4}
 23068 | Lair:4   | Learned a level 6 spell: Starburst
 23103 | Lair:5   | Entered Level 5 of the Lair of Beasts
 23462 | Lair:5   | Reached skill level 6 in Short Blades
 23770 | Lair:5   | Gained mutation: You are strong-willed. (Will+) [hidden
                  | potential]
 23770 | Lair:5   | Lost mutation: You have great hidden genetic potential.
                  | [hidden potential expressed]
 24288 | Lair:5   | Reached skill level 8 in Fire Magic
 24571 | Lair:5   | Reached skill level 7 in Short Blades
 24657 | Lair:5   | Found a staircase to the Slime Pits.
 25211 | Lair:5   | Reached skill level 10 in Spellcasting
 26051 | D:11     | Found Ebliclis's Elemental Accessories.
 26602 | D:12     | Reached skill level 8 in Short Blades
 26733 | D:12     | Reached skill level 1 in Armour
 26733 | D:12     | Reached skill level 9 in Fire Magic
 27324 | D:12     | Reached skill level 2 in Armour
 27881 | D:12     | Gained mutation: You have hoof-like feet. [demonic
                  | ancestry]
 27881 | D:12     | Reached XP level 14. HP: 103/105 MP: 20/28
 27997 | Orc:1    | Entered Level 1 of the Orcish Mines
 28018 | Orc:1    | Noticed Erolcha
 28087 | Orc:1    | Killed Erolcha
 28309 | Orc:2    | Entered Level 2 of the Orcish Mines
 28416 | Orc:2    | Reached skill level 3 in Armour
 28703 | Orc:2    | Noticed an orc warlord
 28736 | Orc:2    | Killed an orc warlord
 28838 | Orc:2    | Gained mutation: You are agile. (Dex +4, Str/Int -1)
                  | [hidden potential]
 29466 | Orc:2    | Found a staircase to the Elven Halls.
 29818 | Orc:2    | Reached skill level 9 in Short Blades
 30277 | Orc:2    | Reached skill level 4 in Armour
 30449 | Orc:2    | Found Oklemocigg's Magic Scroll Shoppe.
 30450 | Orc:2    | Found Qaptov's Magic Scroll Emporium.
 30928 | Orc:2    | Bought a scroll of acquirement for 676 gold pieces
 30928 | Orc:2    | Bought a scroll of blinking for 97 gold pieces
 30928 | Orc:2    | Acquired the staff of the Jester {rF+ rCorr Dex+7 Fire Ice
                  | Earth}
 30933 | Orc:2    | Bought a scroll of identify for 24 gold pieces
 30933 | Orc:2    | Bought a scroll of identify for 24 gold pieces
 30933 | Orc:2    | Bought a scroll of identify for 24 gold pieces
 31506 | Orc:2    | Reached skill level 10 in Fire Magic
 32560 | Orc:2    | Reached skill level 10 in Short Blades
 33750 | Orc:2    | Found Ykkiwioq's Jewellery Boutique.
 33750 | Orc:2    | Found Wephumau's Antique Armour Shop.
 33751 | Orc:2    | Found a one-way gate leading to the halls of Pandemonium.
 33959 | D:13     | Noticed Frances
 33959 | D:13     | Noticed Urug
 33969 | D:13     | Noticed Kirke
 33974 | D:13     | Found a runed translucent gate.
 33974 | D:13     | Found a runed translucent gate.
 33974 | D:13     | Found a runed translucent gate.
 33979 | D:13     | Noticed temitten's ghost (journeyman SpEn)
 33995 | D:13     | Killed Kirke
 34075 | D:13     | Killed Urug
 34076 | D:13     | Reached skill level 9 in Fighting
 34117 | D:13     | Found a gate leading to a gauntlet.
 34141 | Gauntlet | Entered a Gauntlet
 34141 | Gauntlet | Found a transporter.
 34141 | Gauntlet | Found a transporter.
 34142 | Gauntlet | Found a transporter.
 34145 | Gauntlet | Found a transporter.
 34145 | Gauntlet | Found a transporter.
 34145 | Gauntlet | Found a transporter.
 34155 | Gauntlet | Found a transporter.
 34157 | Gauntlet | Found a transporter.
 34159 | Gauntlet | Found a transporter.
 34173 | Gauntlet | Found a transporter.
 34274 | Gauntlet | Found a transporter.
 34374 | Gauntlet | Reached skill level 9 in Dodging
 34736 | Gauntlet | Found a transporter.
 34817 | Gauntlet | Identified the +6 flail of the Unliving {flame, rCorr
                  | Str+3}
 34817 | Gauntlet | Identified the storm talisman "Gaank" {rF+ SInv}
 34847 | D:13     | Killed Frances
 35318 | D:13     | Killed temitten's ghost
 35580 | D:14     | Found an ornate altar of the Wu Jian Council.
 35814 | D:14     | Noticed a fire giant
 35820 | D:14     | Found a transporter.
 35822 | D:14     | Noticed a frost giant
 35823 | D:14     | Noticed Kous's ghost (journeyman DsMo)
 35861 | D:14     | Found a gate to the Vaults.
 35866 | D:14     | Reached skill level 10 in Fighting
 35866 | D:14     | Reached skill level 10 in Dodging
 35866 | D:14     | Gained mutation: You have hooves in place of feet. [demonic
                  | ancestry]
 35866 | D:14     | Reached XP level 15. HP: 104/115 MP: 14/29
 36394 | D:14     | Found a transporter.
 36689 | D:14     | Gained mutation: You have supernaturally acute eyesight.
                  | (SInv) [hidden potential]
 36689 | D:14     | Lost mutation: You have hidden genetic potential. [hidden
                  | potential expressed]
 37364 | D:14     | Found a radiant altar of Vehumet.
 37454 | D:15     | Entered Level 15 of the Dungeon
 37457 | D:15     | Noticed Roxanne
 37532 | D:15     | Reached skill level 11 in Fighting
 37657 | D:15     | Identified the +2 leather armour of Devotion {Rampage Int+2
                  | SInv}
 38056 | D:15     | Learned a level 6 spell: Plasma Beam
 38090 | D:15     | Reached skill level 1 in Air Magic
 38806 | Lair:5   | Reached skill level 2 in Air Magic
 38978 | Lair:5   | Reached skill level 3 in Air Magic
 38987 | Lair:5   | Reached skill level 4 in Air Magic
 39416 | Lair:5   | Reached skill level 5 in Air Magic
 40048 | D:15     | Noticed Jorgrun
 40497 | D:15     | Reached skill level 6 in Air Magic
 41528 | D:15     | Killed Jorgrun
 41775 | D:15     | Found a staircase to the Depths.
 41861 | D:15     | Learned a level 4 spell: Fulminant Prism
 41867 | D:15     | Learned a level 5 spell: Arcjolt
 42135 | D:15     | Killed Roxanne
 42136 | D:15     | Reached skill level 7 in Air Magic
 42533 | Lair:3   | Killed Amaemon
 42710 | Snake:1  | Entered Level 1 of the Snake Pit
 42715 | Snake:1  | Reached skill level 1 in Shields
 43074 | Snake:1  | Reached skill level 2 in Shields
 43647 | Snake:1  | Reached skill level 3 in Shields
 43759 | Snake:1  | Reached skill level 8 in Air Magic
 44009 | Snake:1  | Identified the serpent talisman of Hul Zaib {Dex+5}
 44009 | Snake:1  | Noticed Aizul
 45707 | Snake:1  | Noticed a nagaraja
 45860 | Lair:3   | Killed a nagaraja
 45861 | Lair:3   | Gained mutation: Spells you cast and wands you use may
                  | paralyse nearby enemies. [demonic ancestry]
 45861 | Lair:3   | Reached XP level 16. HP: 118/125 MP: 1/30
 47397 | Snake:1  | Reached skill level 9 in Air Magic
 48974 | Snake:1  | Found a bloodstained altar of Trog.
 49249 | Snake:2  | Reached skill level 10 in Air Magic
 49597 | Snake:2  | Acquired 712 gold pieces
 49896 | D:3      | Bought a potion of haste for 120 gold pieces
 49896 | D:3      | Bought a potion of mutation for 96 gold pieces
 50099 | D:11     | Bought a lightning rod (4/4) for 640 gold pieces
 50630 | Snake:2  | Found Oschaiso's Neck Hole.
 52463 | Snake:2  | You fall into a shaft and drop 1 floor!
 52467 | Snake:3  | Noticed Azrael
 52483 | Snake:3  | Found Zuut's Antique Armour Shoppe.
 52492 | Snake:3  | Bought an ichor-stained leather armour for 308 gold pieces
 52492 | Snake:3  | Identified the +0 leather armour of the Nexus {rC+ rN+}
                  | (You bought it in a shop on level 3 of the Snake Pit)
 54647 | Snake:3  | Reached skill level 11 in Spellcasting
 55419 | Snake:2  | Killed Azrael
 55420 | Snake:2  | Reached skill level 4 in Shields
 56155 | Snake:3  | Reached skill level 12 in Fighting
 57916 | Snake:2  | Noticed Mlioglotl
 57926 | Snake:2  | Killed Mlioglotl
 58636 | Snake:3  | Found a broken altar of Ashenzari.
 58742 | Snake:4  | Entered Level 4 of the Snake Pit
 59049 | Snake:4  | Gained mutation: Your demonic aura sometimes causes spilled
                  | blood to erupt in flames. [demonic ancestry]
 59049 | Snake:4  | Reached XP level 17. HP: 133/133 MP: 25/32
 59190 | Snake:4  | Reached skill level 11 in Air Magic
 59191 | Snake:4  | Reached skill level 11 in Fire Magic
 59619 | Snake:4  | Reached skill level 5 in Shields
 60003 | Snake:4  | Found Qucsonn's General Store.
 60005 | Snake:4  | Found Wuock's Jewellery Shoppe.
 60005 | Snake:4  | Found Ibiefon's Weapon Emporium.
 60008 | Snake:4  | Found Imiehas's General Store.
 60010 | Snake:4  | Bought a potion of heal wounds for 70 gold pieces
 60017 | Snake:4  | Bought a scroll of teleportation for 48 gold pieces
 60026 | Snake:4  | Bought an amulet of magic regeneration for 420 gold pieces
 62651 | Snake:4  | Reached skill level 6 in Shields
 62884 | Snake:4  | Reached skill level 12 in Spellcasting
 63780 | Snake:4  | Found Wuock's Jewellery Shoppe.
 63783 | Snake:4  | Found Qucsonn's General Store.
 63783 | Snake:4  | Found Imiehas's General Store.
 63786 | Snake:4  | Found Ibiefon's Weapon Emporium.
 64237 | Snake:4  | Found Wuock's Jewellery Shoppe.
 64240 | Snake:4  | Found Qucsonn's General Store.
 64240 | Snake:4  | Found Imiehas's General Store.
 64243 | Snake:4  | Found Ibiefon's Weapon Emporium.
 65012 | Snake:4  | Reached skill level 7 in Shields
 65742 | Snake:4  | Got a serpentine rune of Zot
 66058 | Snake:4  | Found Wuock's Jewellery Shoppe.
 66061 | Snake:4  | Found Qucsonn's General Store.
 66061 | Snake:4  | Found Imiehas's General Store.
 66064 | Snake:4  | Found Ibiefon's Weapon Emporium.
 66581 | Swamp:1  | Entered Level 1 of the Swamp
 67347 | Swamp:1  | Reached skill level 8 in Shields
 67441 | Swamp:1  | Reached skill level 13 in Spellcasting
 68065 | Swamp:1  | Identified the ring of Litemur {Ice rElec Will- Str+2
                  | Int+4}
 68919 | Swamp:2  | Reached skill level 9 in Shields
 71167 | Swamp:3  | Reached skill level 10 in Shields
 72124 | Swamp:4  | Entered Level 4 of the Swamp
 72728 | Swamp:4  | Reached XP level 18. HP: 140/140 MP: 15/35
 72784 | Swamp:4  | Identified the +9 plate armour of the Past {Dex+2}
 75116 | Swamp:4  | Noticed the 27-headed Lernaean hydra
 75124 | Swamp:4  | Killed the 27-headed Lernaean hydra
 75677 | Swamp:4  | Got a decaying rune of Zot
 76434 | Elf:1    | Entered Level 1 of the Elven Halls
 76872 | Elf:1    | Learned a level 4 spell: Airstrike
 77898 | Elf:1    | Reached skill level 13 in Fighting
 78083 | Elf:1    | You fall into a shaft and drop 1 floor!
 78094 | Elf:2    | Acquired the Secrets of Damaging Formulae
 78102 | Elf:2    | Learned a level 5 spell: Irradiate
 78111 | Elf:2    | Learned a level 8 spell: Maxwell's Capacitive Coupling
 78314 | Elf:2    | Reached skill level 12 in Air Magic
 78487 | Elf:2    | Reached skill level 14 in Spellcasting
 78935 | Elf:2    | Found Vocioc's Gadget Gallery.
 78940 | Elf:2    | Bought a wand of roots (6) for 201 gold pieces
 78940 | Elf:2    | Bought a wand of quicksilver (3) for 176 gold pieces
 79044 | Elf:2    | Found Aqunivulio's Distillery.
 79053 | Elf:2    | Bought a potion of curing for 45 gold pieces
 79053 | Elf:2    | Bought a potion of curing for 45 gold pieces
 79109 | Elf:2    | Found a runed translucent gate.
 79109 | Elf:2    | Found a runed translucent gate.
 79112 | Elf:2    | Found a runed translucent gate.
 79569 | Elf:2    | Found a portal to a secret trove of treasure.
 79580 | Elf:2    | You paid a toll of 5 scrolls of fear to enter a treasure
                  | trove
 79581 | Trove    | Entered a treasure trove
 79584 | Trove    | Found the -2 hat of the Alchemist {rElec rPois rF+ rC+ rN+
                  | Will+ rMut rCorr}
 79588 | Trove    | Identified the +0 kite shield "Xeonesuts" {Stlth+}
 79589 | Trove    | Identified the +1 hat "Guriunuall" {rN+}
 79590 | Trove    | Identified the +1 robe "Jilyllol" {Str+3 Dex-4}
 79592 | Trove    | Identified the orb of Sesoh {*channel, rElec rPois rF-
                  | rC+++}
 79593 | Trove    | Identified the +2 pair of gloves of the Snake Pit {Fly rC+}
 79615 | Trove    | Identified the scarf "Vasufun" {rC+ rF+, rCorr Str+5 Int-3
                  | Dex+2}
 79617 | Trove    | Identified the +2 hat of the Fortifying Gods {rElec Str+2
                  | Dex+2}
 79621 | Trove    | Identified the +4 ring mail of Egalitarianism {rN+ rCorr}
 79745 | Elf:3    | Entered Level 3 of the Elven Halls
 79750 | Elf:3    | Acquired 653 gold pieces
 79980 | Elf:3    | Found Hoqap's Armour Emporium.
 80140 | Elf:3    | Found Wijiuhoi's Armour Emporium.
 80199 | Elf:3    | Found Quskent's Antique Weapon Shoppe.
 80446 | Elf:3    | Found Likajo's Distillery.
 80451 | Elf:3    | Bought a potion of curing for 51 gold pieces
 80451 | Elf:3    | Bought a potion of heal wounds for 85 gold pieces
 80451 | Elf:3    | Bought a potion of magic for 136 gold pieces
 80451 | Elf:3    | Bought a potion of brilliance for 68 gold pieces
 80451 | Elf:3    | Bought 2 potions of ambrosia for 272 gold pieces
 80516 | Elf:3    | Reached skill level 11 in Shields
 80540 | Elf:3    | Reached XP level 19. HP: 134/150 MP: 10/37
 83447 | Elf:3    | Found Likajo's Distillery.
 83474 | Elf:3    | Found Wijiuhoi's Armour Emporium.
 83993 | Elf:3    | Found Hoqap's Armour Emporium.
 85092 | Elf:3    | Identified the +2 robe "Ywec" {Fly}
 85634 | Elf:3    | Found Quskent's Antique Weapon Shoppe.
 86065 | Elf:3    | Identified the +0 pair of gloves of Ysydum {rC+}
 86100 | Elf:3    | Identified the +1 dagger of the Vaults {antimagic, rElec
                  | Int-4 Dex+2}
 86128 | Elf:3    | Got Johurae's Handbook of Supportive Exhumation
 86134 | Elf:3    | Identified the +9 shortbow of Ruimywat {freeze, rElec rF-
                  | Int+2}
 86532 | Vaults:1 | Entered Level 1 of the Vaults
 86542 | Vaults:1 | Reached skill level 14 in Fighting
 86938 | Vaults:1 | Reached skill level 13 in Air Magic
 87162 | Vaults:1 | Noticed Asterion
 87165 | Vaults:1 | Killed Asterion
 87356 | Vaults:1 | Noticed Donald
 87357 | Vaults:1 | Noticed Norris
 87360 | Vaults:1 | Killed Donald
 87474 | Vaults:1 | Reached skill level 12 in Shields
 87812 | Vaults:1 | Reached skill level 15 in Spellcasting
 88135 | Vaults:1 | Killed Norris
 89333 | Vaults:2 | Reached skill level 15 in Fighting
 89611 | Vaults:2 | Identified the storm talisman "Soixzef" {rN+}
 89706 | Vaults:2 | Reached skill level 14 in Air Magic
 89855 | Vaults:2 | Gained mutation: Your magical and physical power is
                  | slightly enhanced at high health. [demonic ancestry]
 89855 | Vaults:2 | Reached XP level 20. HP: 145/162 MP: 1/39
 90130 | Vaults:2 | Found a staircase to the Crypt.
 90714 | Vaults:2 | Reached skill level 15 in Air Magic
 91265 | Vaults:3 | Noticed Margery
 91285 | Vaults:3 | Killed Margery
 91557 | Vaults:3 | Identified the +1 sling "Gonol" {freeze, Fly}
 92098 | Vaults:3 | Reached skill level 16 in Air Magic
 92968 | Vaults:3 | You fall into a shaft and drop 1 floor!
 92973 | Vaults:4 | Reached skill level 17 in Air Magic
 94272 | Vaults:4 | Reached skill level 18 in Air Magic
 94381 | Vaults:4 | Reached XP level 21. HP: 164/168 MP: 28/40
 94884 | Depths:1 | Entered Level 1 of the Depths
 96223 | Depths:1 | Found a gateway to Hell.
 96229 | Depths:1 | Noticed Sojobo
 96238 | Depths:1 | Paralysed by an air elemental for 1 turns
 96241 | Depths:1 | Paralysed by an air elemental for 1 turns
 96525 | Depths:1 | Found a runed translucent gate.
 96525 | Depths:1 | Found a runed translucent gate.
 96526 | Depths:1 | Found a runed translucent gate.
 96526 | Depths:1 | Found a runed translucent gate.
 96527 | Depths:1 | Found a runed translucent gate.
 96528 | Depths:1 | Found a runed translucent gate.
 96592 | Depths:1 | Found the +2 Maxwell's thermic engine {flame, freeze, rev}
 96736 | Depths:1 | Found a gateway to Hell.
 96896 | Depths:1 | Found a runed translucent gate.
 96900 | Depths:1 | Found a runed translucent gate.
 96900 | Depths:1 | Found a runed translucent gate.
 96903 | Depths:1 | Found a runed translucent gate.
 96903 | Depths:1 | Found a runed translucent gate.
 96903 | Depths:1 | Found a runed translucent gate.
 97127 | Depths:1 | Killed Sojobo
 97128 | Depths:1 | Reached skill level 16 in Spellcasting
 97930 | Depths:2 | Reached skill level 19 in Air Magic
 98423 | Depths:2 | Noticed a golden dragon
 98423 | Depths:2 | Noticed a juggernaut
 98493 | Depths:2 | Noticed a juggernaut
 98500 | Depths:1 | Killed a juggernaut
 98572 | Depths:2 | Found Dirhiofia's Antique Weapon Shop.
 98588 | Depths:2 | Killed a juggernaut
 98851 | Depths:2 | Killed a golden dragon
 99025 | Depths:1 | Reached skill level 17 in Spellcasting
 99643 | Depths:2 | Gained mutation: Your demonic aura often causes spilled
                  | blood to erupt in flames. [demonic ancestry]
 99643 | Depths:2 | Reached XP level 22. HP: 153/175 MP: 31/43
 99793 | Depths:2 | Identified the +5 long sword "Viqeus" {flame, ^Contam rF+++
                  | Str-5 SInv}
100383 | Depths:2 | Got the Omnibus of Amorphous Cleavage
100388 | Depths:2 | Got the Octavo of Firn and Breath
100524 | Depths:2 | Found a one-way gate to the infinite horrors of the Abyss.
101202 | Depths:3 | Found Tonkytro's Distillery.
101210 | Depths:3 | Bought a potion of haste for 170 gold pieces
101210 | Depths:3 | Bought a potion of curing for 51 gold pieces
101210 | Depths:3 | Bought a potion of cancellation for 136 gold pieces
101210 | Depths:3 | Bought a potion of curing for 51 gold pieces
101210 | Depths:3 | Bought a potion of brilliance for 68 gold pieces
101210 | Depths:3 | Bought a potion of heal wounds for 85 gold pieces
101210 | Depths:3 | Bought a potion of enlightenment for 85 gold pieces
101210 | Depths:3 | Bought a potion of mutation for 136 gold pieces
101579 | Depths:3 | Reached skill level 20 in Air Magic
102283 | Depths:3 | Reached skill level 18 in Spellcasting
103254 | Depths:3 | Identified the +12 plate armour of Insecurity {rElec rPois
                  | Str+4}
103563 | Depths:3 | Reached skill level 19 in Spellcasting
103579 | Depths:3 | Noticed the Enchantress
103585 | Depths:3 | Killed the Enchantress
104084 | Depths:4 | Entered Level 4 of the Depths
104457 | Depths:4 | Noticed a golden dragon
104461 | Depths:4 | Killed a golden dragon
104892 | Depths:4 | Reached skill level 20 in Spellcasting
104933 | Depths:4 | Found a gateway to a bazaar.
104957 | Bazaar   | Entered a bazaar
104957 | Bazaar   | Found Babbaf's Distillery.
104957 | Bazaar   | Found Foamokko's Antique Weapon Shoppe.
104957 | Bazaar   | Found Xunoheli's General Store.
104957 | Bazaar   | Found Munnump's Magic Scroll Shoppe.
104972 | Bazaar   | Bought a potion of heal wounds for 55 gold pieces
104972 | Bazaar   | Bought 2 potions of curing for 66 gold pieces
105015 | Bazaar   | Bought a scroll of fog for 40 gold pieces
105015 | Bazaar   | Bought a scroll of revelation for 75 gold pieces
105015 | Bazaar   | Bought a scroll of revelation for 75 gold pieces
105023 | Bazaar   | Bought a potion of curing for 33 gold pieces
105023 | Bazaar   | Bought a potion of brilliance for 44 gold pieces
105023 | Bazaar   | Bought a potion of cancellation for 88 gold pieces
105023 | Bazaar   | Bought a potion of curing for 33 gold pieces
105023 | Bazaar   | Bought a potion of heal wounds for 55 gold pieces
105023 | Bazaar   | Bought a potion of resistance for 110 gold pieces
105023 | Bazaar   | Bought a potion of resistance for 110 gold pieces
105136 | Depths:4 | Found a gate to the Realm of Zot.
105258 | Depths:4 | Found a one-way gateway to a ziggurat.
105428 | Depths:4 | Found a stormy altar of Qazlal.
105649 | Depths:4 | Found Goexkore's Jewellery Emporium.
105650 | Depths:4 | Found Olepesoe's Book Shop.
105651 | Depths:4 | Found Pesil's Jewellery Emporium.
105974 | Crypt:1  | Entered Level 1 of the Crypt
106889 | Crypt:1  | Reached XP level 23. HP: 181/181 MP: 30/47
107188 | Crypt:1  | Reached skill level 5 in Armour
107188 | Crypt:1  | Reached skill level 11 in Dodging
107188 | Crypt:1  | Identified the +1 scale mail of Pedimnif {Harm rElec rF+}
108596 | Crypt:2  | Reached skill level 6 in Armour
109268 | Crypt:1  | Found an ancient bone altar of Kikubaaqudgha.
109310 | Crypt:3  | Entered Level 3 of the Crypt
109794 | Crypt:3  | Reached skill level 16 in Fighting
110075 | Crypt:3  | Reached skill level 7 in Armour
110231 | Crypt:3  | Reached skill level 12 in Dodging
110339 | Crypt:3  | Acquired 691 gold pieces
110416 | Crypt:3  | Identified the +9 falchion of Anusm {spect, rN+ Str-5 Int-5
                  | Dex+9}
110701 | Crypt:3  | Found a staircase to the Tomb.
110830 | Crypt:3  | Found a basalt altar of Yredelemnul.
111470 | Crypt:3  | Identified the +0 cloak of the Festooned God {rF- Int+5}
112124 | Vaults:5 | Entered Level 5 of the Vaults
112136 | Vaults:5 | Reached skill level 8 in Armour
113087 | Vaults:5 | Reached skill level 17 in Fighting
113101 | Vaults:5 | Noticed an ancient lich
113106 | Vaults:5 | Killed an ancient lich
113107 | Vaults:5 | Reached skill level 13 in Dodging
113107 | Vaults:5 | Reached XP level 24. HP: 195/195 MP: 30/47
113134 | Vaults:5 | Reached skill level 1 in Invocations
113192 | Vaults:5 | Reached skill level 9 in Armour
113365 | Vaults:5 | Reached skill level 2 in Invocations
113495 | Vaults:5 | Reached skill level 3 in Invocations
113750 | Vaults:5 | Reached skill level 4 in Invocations
113957 | Vaults:5 | Noticed an ancient lich
113961 | Vaults:5 | Killed an ancient lich
113962 | Vaults:5 | Reached skill level 5 in Invocations
114172 | Vaults:5 | Identified the ring of Erye {rCorr EV+5 SInv}
114253 | Vaults:5 | Found Gilygeor's Weapon Shop.
114298 | Vaults:5 | Got Sif Muna's Teachings on Differential Breccia
114440 | Vaults:5 | Reached skill level 6 in Invocations
114526 | Vaults:5 | Got the Lectures on the Flock
114887 | Vaults:5 | Reached skill level 10 in Armour
115013 | Vaults:5 | Got a silver rune of Zot
115189 | Vaults:5 | Reached skill level 7 in Invocations
115271 | Vaults:5 | Found Begeoch's Antique Armour Emporium.
115635 | Vaults:5 | Found Begeoch's Antique Armour Emporium.
116270 | Vaults:5 | Found Gilygeor's Weapon Shop.
116689 | Zot:1    | Entered Level 1 of the Realm of Zot
116696 | Zot:1    | Reached skill level 14 in Dodging
116716 | Depths:4 | Reached skill level 18 in Fighting
116877 | Depths:4 | Reached skill level 8 in Invocations
117371 | Zot:1    | Reached skill level 9 in Invocations
117504 | Zot:1    | Reached skill level 10 in Invocations
117740 | Zot:1    | Noticed an orb of fire
117742 | Zot:1    | Gained mutation: You are frail. (-10% HP) [an orb of fire]
117743 | Zot:1    | Killed an orb of fire
117744 | Zot:1    | Reached skill level 11 in Invocations
118848 | Zot:2    | Reached skill level 12 in Invocations
119443 | Zot:2    | Reached skill level 13 in Invocations
119480 | Zot:2    | Found Hiror's Changing Room.
119764 | Zot:2    | Bought a potion of mutation for 88 gold pieces
119764 | Zot:2    | Bought a potion of mutation for 88 gold pieces
119843 | Zot:2    | Gained mutation: Your magical and physical power is
                  | enhanced at high health. [demonic ancestry]
119843 | Zot:2    | Reached XP level 25. HP: 154/183 MP: 7/47
119855 | Zot:2    | Reached skill level 14 in Invocations
120765 | Zot:3    | Noticed a Killer Klown
120768 | Zot:3    | Killed a Killer Klown
120769 | Zot:3    | Reached skill level 15 in Invocations
121654 | Zot:3    | Reached skill level 16 in Invocations
121973 | Zot:2    | Reached skill level 17 in Invocations
123270 | Zot:4    | Reached skill level 18 in Invocations
123545 | Zot:4    | Noticed Adaxemni's ghost (legendary GrFi)
123554 | Zot:4    | Found a runed translucent gate.
123554 | Zot:4    | Found a runed translucent gate.
123689 | Zot:4    | Found a runed translucent gate.
123927 | Zot:5    | Entered Level 5 of the Realm of Zot
123928 | Zot:5    | Noticed Lioda's ghost (legendary MiBe)
124023 | Zot:5    | Reached skill level 19 in Invocations
124097 | Zot:5    | Found a runed translucent door.
124106 | Zot:5    | Killed Lioda's ghost
124863 | Zot:5    | Reached skill level 20 in Invocations
125157 | Zot:5    | Noticed a dread lich
125161 | Zot:5    | Killed a dread lich
125569 | Zot:5    | Noticed an orb of fire
125573 | Zot:5    | Killed an orb of fire
125585 | Zot:5    | Noticed an orb of fire
125590 | Zot:5    | Killed an orb of fire
126016 | Zot:5    | Noticed a dread lich
126021 | Zot:5    | Killed a dread lich
126422 | Zot:5    | Noticed a Killer Klown
126426 | Zot:5    | Killed a Killer Klown
126703 | Zot:5    | Noticed an orb of fire
126708 | Zot:5    | Killed an orb of fire
126790 | Zot:5    | Noticed an orb of fire
126794 | Zot:5    | Killed an orb of fire
126888 | Zot:5    | Noticed a dread lich
126891 | Zot:5    | Killed a dread lich
127128 | Zot:5    | Reached skill level 15 in Dodging
127901 | Zot:5    | Gained mutation: Your demonic aura causes all spilled blood
                  | to erupt in flames. [demonic ancestry]
127901 | Zot:5    | Reached XP level 26. HP: 189/191 MP: 34/47
128163 | Zot:5    | Reached skill level 19 in Fighting
128240 | Zot:5    | Noticed an orb of fire
128245 | Zot:5    | Killed an orb of fire
128636 | Zot:5    | Noticed an ancient lich
128641 | Zot:5    | Killed an ancient lich
129004 | Zot:5    | Noticed an ancient lich
129009 | Zot:5    | Killed an ancient lich
129557 | Zot:5    | Got the Orb of Zot
129568 | Zot:5    | Noticed a seraph
129853 | D:15     | Noticed a seraph
130032 | D:10     | Reached skill level 16 in Dodging
130054 | D:9      | Noticed Taym the pandemonium lord
130259 | D:$      | Escaped with the Orb!

Illustrated notes

Levels and vault maps discovered:
D:1:      dpeg_arrival_windows_large_door, layout_rooms
D:2:      layout_basic, basic_altar, minmay_misc_feat_more_columns, uniq_terence
D:3:      layout_basic, serial_shops, shop, shapermc_ecumenical_altar_acropolis,
          minivault_23, serial_park_tiny_1
D:4:      layout_gridville, hex_tiny, minmay_fractal_squares_5
D:5:      layout_basic, nicolae_gozag_cash_rules_everything_around_me,
          hex_medium
D:6:      layout_basic, nicolae_ru_the_path_less_chosen,
          nicolae_yredelemnul_corpse_copse, minmay_diced_spiral
D:7:      layout_loops_ring, grunt_temple_overflow_open,
          minmay_temple_entry_purple_smoke, serial_shops, shop
D:8:      layout_cave_pools, mainiacjoe_overflow_catwalk
D:9:      layout_layer_cave, mainiacjoe_overflow_cross_hatched,
          hellmonk_lair_entry_icy
D:10:     layout_layer_cave, grunt_temple_overflow_champion_of_chaos,
          riverfiend_overflow_shadow_ancestor, david_orc_4
D:11:     layout_roguey, nicolae_elemental_shop
D:12:     layout_roguey
D:13:     layout_cross, gauntlet_entry_generic, serial_park, serial_park_gazebo
          [serial_park_minivault_5x5_6], serial_park_tiny_2,
          ebering_ghost_rock_garden, uniq_kirke, uniq_frances, uniq_urug
D:14:     layout_roguey, lightli_vaults_fourway_checkpoint,
          gammafunk_ghost_arena, nzn_wu_jian_contemplation,
          nicolae_vehumet_altar_sigil
D:15:     grunt_enter_depths_magical_seal, layout_basic,
          amcnicky_mini_pool_small, serial_bayou_crossing, uniq_roxanne,
          uniq_jorgrun
Lair:1:   layout_cellular_growth, lemuel_fruit_tree
Lair:2:   layout_small_grid, lemuel_fruit_fields, lemuel_fruit_fields,
          serial_bayou_shore_a, infiniplex_staircase_pool, uniq_gastronok
Lair:3:   layout_misc_corridors, swamp_mist, dummy_snake_entry, uniq_amaemon
Lair:4:   layout_regular_city, serial_bayou_shore_b
Lair:5:   evilmike_catoblepas_cave, layout_long_grid, dpeg_slime_entry_enclosed,
          ldierk_geyser, grunt_megastairs_1
Swamp:1:  layout_basic_swamp, evilmike_swamp_ruin_house_1
Swamp:2:  layout_falls_marsh, evilmike_swamp_ruin_house_3
Swamp:3:  layout_basic_swamp, evilmike_swamp_ruin_house_2
Swamp:4:  swamp_old_school, layout_basic_swamp, swamp_pool_1_2,
          nicolae_swamp_little_tower
Snake:1:  layout_misc_corridors, basic_altar, nicolae_snake_gridmaze_zigzag,
          nicolae_snake_omega, grunt_megastairs_4, uniq_aizul
Snake:2:  layout_chambers, serial_library_hellmonk_small_corner,
          nicolae_shop_sticking_my_neck_out, serial_bayou_shore_b,
          uniq_mlioglotl
Snake:3:  layout_misc_corridors, serial_shops, shop, basic_altar, uniq_azrael
Snake:4:  snake_pit, layout_concentric_octagons, minmay_shoptagon
Orc:1:    layout_diamond_mine, uniq_erolcha
Orc:2:    pf_orc_diabolical, layout_caves, mines2_lemuel
Elf:1:    eino_elf_arrival_customs, layout_rooms, hangedman_elf_disciples
Elf:2:    elven_hall_of_blades_hangedman_original [nicolae_blade_little_rooms],
          layout_rooms, serial_shops, nicolae_shop_tiny_real_fake_doors,
          enter_trove_6, drop_trap, minivault_16, nicolae_shop_gadgets
Elf:3:    minmay_elf_hall_quartered_circle, layout_loops_corners, serial_shops,
          nicolae_shop_tiny_waterfront, nicolae_shop_hallway_plus, shop, shop
Vaults:1: ontoclasm_vaults_decontamination, nicolae_vaults_rhombus_6,
          nicolae_vaults_trapezoid_2, hangedman_vaults_restitches, v_misc_14,
          vaults_dpeg_hooks, nicolae_vaults_stepped_doors,
          nicolae_vaults_offset_grid_hallway_2, nicolae_vaults_tetromino_L_1,
          v_misc_2, layout_vaults_ring, uniq_norris, uniq_asterion, uniq_donald
Vaults:2: nicolae_vaults_trapezoid_lopsided_4, hangedman_vaults_capsules,
          minmay_crypt_entry_simple_round, v_misc_16,
          nicolae_vaults_mini_display_case, nicolae_vaults_closet_pinwheel_4,
          grunt_vaults_funnel, nicolae_vaults_network_square,
          nicolae_vaults_trapezoid_4, vaults_dpeg_emergency_exit, v_pattern_2,
          layout_vaults_big_room
Vaults:3: vaults_standard_mumra_lines, nicolae_vaults_stairing_the_circle,
          v_misc_23, vaults_mumra_hexcomb, nicolae_vaults_house_3,
          nicolae_vaults_cornered_office, dpeg_vaults_monster_box,
          ontoclasm_vaults_loading_screen, nicolae_vaults_closet_pinwheel_3,
          nicolae_vaults_little_squares_5, layout_vaults_omnicross, uniq_margery
Vaults:4: portal_desolation_entry_salt, nicolae_vaults_ninety_degrees,
          ontoclasm_vaults_bender, nicolae_vaults_more_shelving_2, v_misc_19,
          nicolae_vaults_storage_closets_1, vaults_room_grunt_arrival_ludios,
          layout_vaults_omnigrid
Vaults:5
Crypt:1:  layout_regular_city, grunt_crypt_arrival_webbed, grunt_megastairs_2,
          lemuel_upstairs_altar
Crypt:2:  layout_regular_city, grunt_ministairs_12
Crypt:3:  evilmike_haunted_forest
Depths:1: layout_honeycomb, hell_entry, dk_noncrumbling_2,
          brannock_guarded_unrand_thermic_engine, uniq_sojobo
Depths:2: minmay_the_grid_octo_triangle [minmay_the_grid_octo_checkered,
          minmay_the_grid_octo_prize_square_snowflake,
          minmay_the_grid_octo_vomiting_pacman], layout_honeycomb,
          grunt_pan_entry_sceptre, serial_shops,
          nicolae_shop_tiny_statue_garden, hell_entry, abyss_entry,
          hangedman_decor_diamond_cutter, infiniplex_staircase_zigzag_1
Depths:3: minmay_skeleton_keep, layout_honeycomb, abyss_entry_glasseish,
          minmay_misc_feat_cross, serial_shops, nicolae_shop_industrial_runoff,
          hell_entry, uniq_enchantress
Depths:4: grunt_twist_and_shout, layout_gridville, enter_ziggurat_e,
          grunt_decor_one_mirror, serial_shops, bzr_entry_dummy,
          pf_vacation_house_of_asmodeus, pan_entry, grunt_qazlal_sundering,
          serial_bayou_shore_b, minmay_shop_grove, serial_bayou_shore_b
Zot:1:    nicolae_moth_party, layout_gridlike
Zot:2:    kennysheep_bubbly, layout_onion_interference,
          nicolae_transmutations_shop
Zot:3:    layout_gridlike, grunt_megastairs_3
Zot:4:    layout_basic, gammafunk_ghost_split
Zot:5:    layout_gridlike, ebering_ghost_reflecting_pool,
          regret_index_zotdec_carving_tricks

Skill      XL: |  1  2  3  4  5  6  7  8  9 10 11 12 13 14 15 16 17 18 19 20 21 22 23 24 25 26 |
---------------+-------------------------------------------------------------------------------+-----
Maces & Flails | 3 |  3.2
Fire Magic     | 3 4 5 6 7 9 10 11 | 11.0
Spellcasting   | 2 3 4 5 7 8 10 11 13 14 15 17 20 | 20.0
Short Blades   | 1 2 4 5 8 10 | 10.0
Stealth        | 1 3 |  3.0
Fighting       | 4 7 8 10 11 12 13 15 17 18 19 | 19.8
Dodging        | 3 4 5 7 8 10 13 14 15 16 | 16.1
Alchemy        | 7 9 |  9.0
Conjurations   | 1 5 10 | 10.0
Armour         | 2 4 8 10 | 10.0
Air Magic      | 8 10 11 12 14 18 19 20 | 20.0
Shields        | 3 4 10 11 12 | 12.0
Invocations    | 13 20 | 20.1

Action                     |  1- 3 |  4- 6 |  7- 9 | 10-12 | 13-15 | 16-18 | 19-21 | 22-24 | 25-27 || total
---------------------------+-------+-------+-------+-------+-------+-------+-------+-------+-------++-------
  Melee: Mace              |    41 |       |       |       |       |       |       |       |       ||    41
         Short sword       |    44 |    92 |   184 |   216 |   394 |    10 |       |       |       ||   940
         Kick              |     6 |    22 |    52 |     6 |    37 |    58 |    54 |    50 |     8 ||   293
         Punch             |       |     6 |    10 |    22 |    57 |       |       |       |       ||    95
         Staff             |       |       |       |       |   120 |    99 |    91 |    69 |    18 ||   397
  Throw: Dart              |       |       |       |     7 |     3 |       |       |       |       ||    10
   Cast: Scorch            |    15 |    44 |   129 |   121 |    74 |       |       |       |       ||   383
         Sticky Flame      |       |       |       |   108 |   156 |    12 |       |       |       ||   276
         Flame Wave        |       |       |       |    18 |    20 |       |       |       |       ||    38
         Starburst         |       |       |       |       |    83 |       |       |       |       ||    83
         Plasma Beam       |       |       |       |       |    64 |   491 |   422 |   609 |   198 ||  1784
         Fulminant Prism   |       |       |       |       |    21 |     9 |       |       |       ||    30
         Arcjolt           |       |       |       |       |    20 |   129 |   130 |   110 |    15 ||   404
         Airstrike         |       |       |       |       |       |    41 |     6 |     7 |     2 ||    56
         Irradiate         |       |       |       |       |       |     6 |    20 |    10 |     4 ||    40
         Passwall          |       |       |       |       |       |     2 |       |       |       ||     2
         Maxwell's Capacit |       |       |       |       |       |       |       |    48 |    45 ||    93
 Invoke: Foxfire Swarm     |       |       |       |       |       |       |       |       |     3 ||     3
         Fiery Armour      |       |       |       |       |       |       |       |       |     1 ||     1
  Evoke: Wand              |       |       |       |     6 |    10 |     5 |     3 |     1 |     6 ||    31
         Lightning rod     |       |       |       |       |       |     8 |     4 |       |       ||    12
    Use: Potion            |     2 |       |     2 |     5 |     3 |     2 |     1 |     4 |     7 ||    26
         Scroll            |       |     2 |     7 |    11 |    17 |    16 |     9 |    11 |     6 ||    79
   Stab: Paralysed         |     2 |     6 |    37 |    70 |   126 |    14 |     9 |     6 |       ||   270
         Sleeping          |       |       |     5 |     3 |    21 |       |     2 |       |       ||    31
         Distracted        |       |       |       |       |     2 |       |       |       |       ||     2
 Armour: Robe              |    59 |    56 |    90 |   158 |   101 |   110 |       |       |       ||   574
         Troll leather arm |       |       |       |       |   224 |       |       |       |       ||   224
         Swamp dragon scal |       |       |       |       |       |    54 |   175 |   196 |   114 ||   539
         Skin              |       |       |       |       |       |       |       |       |     2 ||     2
  Dodge: Dodged            |    56 |    54 |    97 |   150 |   433 |   204 |   174 |   206 |   136 ||  1510
  Block: Other             |       |       |       |       |    24 |       |       |       |       ||    24
         Reflection        |       |       |       |       |     9 |    23 |       |       |       ||    32
         Buckler           |       |       |       |       |    28 |    47 |       |       |       ||    75
         Kite shield       |       |       |       |       |       |   177 |   278 |   288 |   154 ||   897

Table legend: (Time is in decaauts)
 A = Elapsed time spent in this place.
 B = Non-inter-level travel time spent in this place.
 C = Inter-level travel time spent in this place.
 D = Time resting spent in this place.
 E = Time spent auto-exploring this place.
 F = Levels seen in this place.
 G = Mean time per level.
                   A        B        C        D        E       F      G
               +--------+--------+--------+--------+--------+-----+--------+
         Total | 130435 | 122369 |   8066 |  56579 |  49871 |  53 | 2461.0 |
       Dungeon |  24745 |  21803 |   2942 |   6788 |  11256 |  15 | 1649.7 |
          Lair |  18114 |  16549 |   1565 |   9184 |   5254 |   5 | 3622.8 |
         Swamp |   8657 |   8464 |    193 |   5308 |   2492 |   4 | 2164.2 |
     Snake Pit |  19958 |  19319 |    639 |  10908 |   6650 |   4 | 4989.5 |
  Orcish Mines |   6298 |   5778 |    520 |   3723 |   1192 |   2 | 3149.0 |
   Elven Halls |   9030 |   8608 |    422 |   4843 |   2571 |   3 | 3010.0 |
        Vaults |  12771 |  11977 |    794 |   2301 |   7780 |   5 | 2554.2 |
         Crypt |   6008 |   5660 |    348 |   1803 |   3059 |   3 | 2002.7 |
        Depths |  11217 |  10858 |    359 |   3617 |   5988 |   4 | 2804.2 |
           Zot |  12817 |  12538 |    279 |   7893 |   3370 |   5 | 2563.4 |
        Bazaar |     75 |     75 |      0 |      0 |     59 |   1 |   75.0 |
         Trove |     74 |     74 |      0 |      0 |      0 |   1 |   74.0 |
      Gauntlet |    666 |    666 |      0 |    209 |    196 |   1 |  666.0 |
               +--------+--------+--------+--------+--------+-----+--------+

Top non-repeatable levels by time:
 Snake:4: 7468 daAuts
  Lair:3: 6407 daAuts
 Snake:2: 5784 daAuts
   Zot:5: 5650 daAuts
   Orc:2: 5524 daAuts
   Elf:3: 5437 daAuts
 Snake:1: 4531 daAuts
Vaults:5: 4218 daAuts
Depths:1: 4134 daAuts
  Lair:5: 3410 daAuts
  Lair:1: 3327 daAuts
Depths:3: 2999 daAuts
 Swamp:4: 2911 daAuts
   Zot:2: 2906 daAuts
Vaults:1: 2858 daAuts

Table legend:
 A = Kills in this place as a percentage of kills in the entire game.
 B = Kills by you in this place as a percentage of kills by you in the entire game.
 C = Kills by friends in this place as a percentage of kills by friends in the entire game.
 D = Other kills in this place as a percentage of other kills in the entire game.
 E = Experience gained in this place as a percentage of experience gained in the entire game.
 F = Experience gained in this place divided by the number of levels of this place that you have seen.
                   A       B       C       D       E      F
               +-------+-------+-------+-------+-------+----------------------
         Total | 100.0 | 100.0 |   N/A | 100.0 | 100.0 | 26068.1
       Dungeon |  17.4 |  17.5 |   N/A |   0.0 |   5.4 | 4998.7
          Lair |   8.8 |   8.8 |   N/A |   0.0 |   4.4 | 12208.0
         Swamp |   4.9 |   4.9 |   N/A |   0.0 |   4.5 | 15503.0
     Snake Pit |   8.8 |   8.8 |   N/A |   0.0 |   7.7 | 26594.8
  Orcish Mines |   6.1 |   6.1 |   N/A |   0.0 |   1.5 | 10605.0
   Elven Halls |   5.3 |   5.2 |   N/A |  33.3 |   6.6 | 30571.3
        Vaults |  17.8 |  17.9 |   N/A |   0.0 |  22.9 | 63152.4
         Crypt |   7.9 |   7.9 |   N/A |   0.0 |   8.1 | 37421.3
        Depths |  14.1 |  14.1 |   N/A |  33.3 |  18.4 | 63639.2
           Zot |   8.5 |   8.4 |   N/A |  33.3 |  20.2 | 55918.0
      Gauntlet |   0.4 |   0.4 |   N/A |   0.0 |   0.2 | 2101.0
               +-------+-------+-------+-------+-------+----------------------
